 Dungeon Crawl Stone Soup version 0.25-a0-403-g49d089a (webtiles) character file.

Game seed: 6285619255551693539, levelgen mode: deterministic

37 Birdy the Sneak (level 3, 0/24 HPs)
             Began as a Halfling Assassin on Jan 9, 2020.
             Succumbed to an adder's poison
             ... on level 2 of the Dungeon.
             The game lasted 00:02:42 (1517 turns).

Birdy the Sneak (Halfling Assassin)                 Turns: 1517, Time: 00:02:43

Health: 0/24       AC:  5    Str: 12    XL:     3   Next: 62%
Magic:  3/3        EV: 20    Int:  9    God:
Gold:   30         SH:  0    Dex: 21    Spells: 2/2 levels left

rFire    + . .     SeeInvis .   g - +2 dagger (venom)
rCold    + . .     Gourm    .   (shield restricted)
rNeg     . . .     Faith    .   m - +1 leather armour {rPois}
rPois    +         Spirit   .   (no helmet)
rElec    +         Reflect  .   c - +0 cloak
rCorr    +         Harm     .   (no gloves)
MR       +....                  (no boots)
Stlth    ++++......             (no amulet)
HPRegen  0.08/turn              i - ring of protection from magic
MPRegen  0.08/turn              l - ring of resist corrosion

@: agile, lethally poisoned (0 -> -2), resistant
A: small, mutation resistance 1
a: no special abilities


You were on level 2 of the Dungeon.
You were hungry.

You visited 1 branch of the dungeon, and saw 2 of its levels.

You collected 30 gold pieces.

Inventory:

Hand Weapons
 g - a +2 dagger of venom (weapon)
 q - a +0 short sword
Missiles
 d - 8 poisoned darts (quivered)
 e - 2 curare-tipped darts
Armour
 b - a +0 robe
 c - a +0 cloak (worn)
 m - a +1 leather armour of poison resistance (worn)
Jewellery
 i - a ring of protection from magic (left hand)
 l - a ring of resist corrosion (right hand)
Wands
 p - a wand of polymorph (8)
Scrolls
 a - a scroll of enchant weapon
 j - 2 scrolls of remove curse
 o - a scroll of immolation {unknown}
Comestibles
 f - 5 rations


   Skills:
 - Level 2.0 Fighting
 + Level 3.1 Short Blades
 - Level 2.0 Throwing
 + Level 0.7 Armour
 - Level 2.0 Dodging
 + Level 4.8 Stealth


You had 2 spell levels left.
You didn't know any spells.
Your spell library was empty.

Dungeon Overview and Level Annotations

Branches:
Dungeon (2/15)

Altars:
The Shining One


Innate Abilities, Weirdness & Mutations

You are small and have problems with some larger weapons.
You are somewhat resistant to further mutation.


Message History

It was a potion of agility.
You feel agile all of a sudden.
* * * LOW HITPOINT WARNING * * *
You feel sick. The kobold closely misses you.
You barely miss the kobold. The kobold barely misses you.
A bat comes into view.
* * * LOW HITPOINT WARNING * * *
You feel sick.
A worm comes into view.
Unknown command.
A worm and a giant cockroach come into view.
The worm misses you.
* * * LOW HITPOINT WARNING * * *
You feel sick. The bat misses you. The bat hits you.
* * * LOW HITPOINT WARNING * * *
Unknown command.
The worm closely misses you. The bat completely misses you.
The bat closely misses you.
You die...

.....#.##.# .$......
#.#.#.# # #r#g..# ##
#...#.#####. ####
#######.##..#... #s.#.
..#..'†..##...##
#...##.##g###..#.##...
#..#@.#..# .#### ###.
#.w.##.## . # ##.b#..#
.# ##wK.## . # ##r.#
.# # #### #.## ###.#.
..... #.#.


You could see 2 worms, a bat, a kobold and a rat.

Vanquished Creatures
  An adder (D:2)
  A dart slug (D:1)
  A leopard gecko (D:2)
  A ball python (D:1)
  3 giant cockroaches (D:1)
  3 hobgoblins
  4 jackals (D:2)
  A quokka (D:2)
  3 bats
  A frilled lizard (D:1)
  3 goblins (D:1)
  A rat (D:1)
23 creatures vanquished.

Notes
Turn   | Place    | Note
-------+----------+-------------------------------------------
     0 | D:1      | Birdy the Halfling Assassin began the quest for the Orb.
     0 | D:1      | Reached XP level 1. HP: 14/14 MP: 1/1
   141 | D:1      | Reached XP level 2. HP: 10/19 MP: 2/2
  1352 | D:2      | Reached XP level 3. HP: 22/24 MP: 3/3
  1479 | D:2      | Found a glowing golden altar of the Shining One.
  1513 | D:2      | HP: 1/24 [bat (1)]
  1517 | D:2      | Succumbed to an adder's poison

Levels and vault maps discovered:
D:1:      elethiomel_arrival_infinity_welcomes_careful_drivers, layout_basic
D:2:      minmay_razor_zed, layout_loops_cross, tso_metal_star, first_ration,
          st_stairs_4

Skill      XL: |  1  2  3 |
---------------+----------+-----
Fighting       | 2 |  2.0
Short Blades   | 3 |  3.1
Dodging        | 2 |  2.0
Throwing       | |  2.0
Armour         | |  0.7
Stealth        | |  4.8

Action                   || total
-------------------------++-------
Melee: Dagger            ||    48
       Unarmed           ||     8
  Use: Potion            ||     5
       Scroll            ||     4
 Stab: Sleeping          ||     9
  Eat: Chunk             ||     1
Armor: Robe              ||     1
       Leather armour    ||     6
Dodge: Dodged            ||    39

Table legend:
 A = Non-vault XP
 B = Vault XP
 C = Vault XP percentage of total XP
 D = Non-vault monster count
 E = Vault monster count
 F = Vault count percentage of total count
                 A         B        C        D         E       F
            +---------+---------+-------+---------+---------+-------
      Total |      40 |      14 |  25.9 |      21 |       2 |   8.7
            +---------+---------+-------+---------+---------+-------
        D:1 |      25 |       0 |   0.0 |      14 |       0 |   0.0
        D:2 |      15 |      14 |  48.3 |       7 |       2 |  22.2
            +---------+---------+-------+---------+---------+-------
